AoeStats
← vululsss

Four Lakes

510264569Analyzed
1v1 RM · 1d ago on Sep 30, 2026· 27m 28s· 2 players
Game mode
Random Map
Map size
Tiny (2 player)
Population
200
Speed
Normal
Resources
Standard
Victory
Conquest
Starting age
Dark Age
Ending age
Imperial Age
RankedLock teamsTeams togetherTeam positionsShared explorationLock speedFull tech treeHidden civsTurbo modeCheats
Victory
Defeat
🇨🇿 Persians · Czechia
1069
+17
🇹🇼 Japanese · Taiwan
1093
-17
Filas
7:34 Loom
11:00 Feudal Age
11:25 Double-Bit Axe
17:11 Fletching
19:26 Castle Age
17:21 Horse Collar
17:50 Gold Mining
18:33 Scale Barding Armor
20:07 Bloodlines
20:48 Bow Saw
26:13 Forging
vululsss
4:46 Loom
12:29 Feudal Age
20:05 Castle Age
18:40 Double-Bit Axe
18:37 Horse Collar
18:48 Gold Mining
18:59 Fletching
19:10 Padded Archer Armor
22:24 Bow Saw
22:24 Fishing Lines
25:33 Wheelbarrow
24:43 Town Watch
25:34 Gillnets
25:54 Elite Skirmisher
26:40 Man-at-Arms
26:50 Pikeman
Connection lost

Rejoining the realm…

Still unreachable

The connection could not be restored.

Session expired

The server has moved on; the page needs a fresh start.